 Dungeon Crawl Stone Soup version 0.21.1-1-g345015f (webtiles) character file.

210 johnjohn the Cudgeler (level 5, -1/70 HPs)
             Began as a Hill Orc Fighter on May 12, 2018.
             Was an Initiate of Gozag.
             Slain by a goblin
             ... wielding a +0 trident
              (3 damage)
             ... on level 3 of the Dungeon.
             The game lasted 00:12:51 (1765 turns).

johnjohn the Cudgeler (Hill Orc Fighter)            Turns: 1765, Time: 00:12:53

Health: -1/70      AC:  7    Str: 25    XL:     5   Next: 87%
Magic:  5/5        EV:  6    Int:  8    God:    Gozag
Gold:   171        SH:  7    Dex: 10    Spells: 4/4 levels left

rFire    . . .     SeeInvis .   a - +0 flail
rCold    . . .     Gourm    .   c - +0 shield
rNeg     . . .     Faith    .   b - +0 scale mail
rPois    .         Spirit   .   (no helmet)
rElec    .         Reflect  .   (no cloak)
rCorr    .         Harm     .   j - +0 pair of gloves
MR       .....                  (no boots)
Stlth    ..........             (no amulet)
HPRegen  0.21/turn              (no ring)
MPRegen  0.09/turn              (no ring)

@: berserking (expiring), lethally poisoned (-1 -> -5), extremely drained, very
quick
A: no striking features
a: Potion Petition, Call Merchant, Bribe Branch, Renounce Religion


You were on level 3 of the Dungeon.
You worshipped Gozag.
Gozag was aware of your devotion.
You were not hungry.

You visited 1 branch of the dungeon, and saw 3 of its levels.

You collected 208 gold pieces.
You paid 37 gold pieces to Gozag.

Inventory:

Hand Weapons
 a - a +0 flail (weapon)
Armour
 b - a +0 scale mail (worn)
 c - a +0 shield (worn)
 h - a +0 leather armour
 j - a +0 pair of gloves (worn)
 m - a +0 scale mail
Scrolls
 e - 2 scrolls of teleportation {unknown}
 k - a scroll of identify
 n - a scroll of remove curse
 p - 2 scrolls of amnesia
 q - a scroll of enchant weapon {unknown}
Potions
 d - a potion of might
 g - a potion of haste {unknown}
 i - 2 potions of flight
 o - a potion of ambrosia {unknown}
Comestibles
 f - 5 rations


   Skills:
 + Level 4.4(0.0) Fighting
 + Level 4.5(0.0) Maces & Flails
 + Level 3.7(0.0) Armour
 + Level 1.0(0.0) Dodging
 + Level 0.3(0.0) Stealth
 + Level 4.3(0.0) Shields


You had 4 spell levels left.
You didn't know any spells.

Dungeon Overview and Level Annotations

Branches:
Dungeon (3/15)

Altars:
Gozag
Yredelemnul
The Shining One


Message History

You feel sick. The bat hits you but does no damage.
The adder bites you but does no damage. The frilled lizard barely misses you.
You block the goblin's attack.
You closely miss the frilled lizard.
* * * LOW HITPOINT WARNING * * *
You feel sick. The bat hits you but does no damage.
The adder bites you but does no damage.
The frilled lizard bites you but does no damage.
The adder bites you but does no damage. You block the goblin's attack.
You barely miss the frilled lizard.
* * * LOW HITPOINT WARNING * * *
You feel sick. The bat barely misses you. The frilled lizard barely misses you.
The adder bites you but does no damage. You block the goblin's attack.
Your shield and scale mail prevent you from hitting the frilled lizard.
You block the bat's attack. You block the adder's attack.
The frilled lizard bites you but does no damage.
The bat hits you but does no damage.
The goblin hits you from afar with a trident.
You die...
Your body crumbles into a pile of gold.

$ ### #.. #.# #.
#.# $ #..######.###
#.(.<...gS@#
#.##.####.#lb......
#. #....<..... #.
##########. #. ..
.. ..


You could see an adder, a goblin, a bat and a frilled lizard.

Vanquished Creatures
  A phantom (D:2)
  Ijyb (D:3)
  3 gnolls (D:2)
  3 adders (D:2)
  A dart slug (D:1)
  A ball python (D:2)
  3 giant cockroaches (D:1)
  5 goblins
  8 hobgoblins
  8 bats
  5 frilled lizards
  6 kobolds
  4 rats
49 creatures vanquished.

Notes
Turn   | Place    | Note
-------+----------+-------------------------------------------
     0 | D:1      | johnjohn the Hill Orc Fighter began the quest for the Orb.
     0 | D:1      | Reached XP level 1. HP: 19/19 MP: 1/1
   167 | D:1      | Reached XP level 2. HP: 27/27 MP: 2/2
   460 | D:1      | Reached XP level 3. HP: 33/33 MP: 3/3
  1144 | D:2      | Found an opulent altar of Gozag.
  1151 | D:2      | Became a worshipper of Gozag Ym Sagoz the Greedy
  1199 | D:2      | Found a basalt altar of Yredelemnul.
  1199 | D:2      | Found a glowing golden altar of the Shining One.
  1203 | D:2      | Noticed a profane servitor
  1219 | D:2      | Noticed an angel
  1244 | D:2      | Reached XP level 4. HP: 40/40 MP: 4/4
  1468 | D:2      | Noticed a phantom
  1548 | D:2      | Killed a phantom
  1548 | D:2      | Reached skill level 1 in Dodging
  1548 | D:2      | Reached XP level 5. HP: 21/46 MP: 5/5
  1683 | D:3      | Noticed Ijyb
  1685 | D:3      | Paralysed by Ijyb for 6 turns
  1693 | D:3      | Paralysed by Ijyb for 7 turns
  1702 | D:3      | Paralysed by Ijyb for 7 turns
  1732 | D:3      | Killed Ijyb
  1762 | D:3      | HP: 3/70 [poisoned by an adder]
  1765 | D:3      | Slain by a goblin

Skill      XL: |  1  2  3  4 |
---------------+-------------+-----
Shields        | 4 |  4.3
Maces & Flails | 3 4 |  4.5
Fighting       | 4 |  4.4
Dodging        | 1 |  1.0
Armour         | |  3.7
Stealth        | |  0.3

Action                   |  1- 3 |  4- 6 || total
-------------------------+-------+-------++-------
Melee: Flail             |   135 |   133 ||   268
Invok: Potion Petition   |       |     1 ||     1
  Use: Scroll            |       |     3 ||     3
       Potion            |       |     1 ||     1
 Stab: Distracted        |       |     1 ||     1
  Eat: Chunk             |     1 |       ||     1
       Ration            |       |     1 ||     1
Armor: Scale mail        |    76 |   140 ||   216
Dodge: Dodged            |    51 |    71 ||   122
Block: Shield            |    81 |    89 ||   170
